 Dungeon Crawl Stone Soup version 0.29.1-1-gd02db6906a (webtiles) character file.

Game seed: 6090417906553622418

70 Powertoast the Slasher (level 3, -3/29 HPs)
             Began as a Demigod Gladiator on Sept 20, 2022.
             Slain by an ogre
             ... wielding a +0 giant club
              (14 damage)
             ... on level 3 of the Dungeon.
             The game lasted 00:03:47 (2142 turns).

Powertoast the Slasher (Demigod Gladiator)          Turns: 2142, Time: 00:03:48

Health: -3/29      AC:  4    Str: 15    XL:     3   Next: 77%
Magic:  5/5        EV: 12    Int: 10    God:
Gold:   116        SH:  0    Dex: 19    Spells: 2/2 levels left

rFire   . . .      SeeInvis .   a - +0 long sword
rCold   . . .      Faith    .   (no shield)
rNeg    . . .      Spirit   .   b - +0 leather armour
rPois   +          Reflect  .   c - +0 helmet
rElec   .          Harm     .   (no cloak)
rCorr   .          Rampage  .   (no gloves)
Will    .....                   (no boots)
Stlth   +.........              (no amulet)
HPRegen 0.09/turn               f - ring of poison resistance
MPRegen 0.09/turn               (no ring)

@: no status effects
A: high MP 1, forlorn, divine attributes
a: no special abilities


You were on level 3 of the Dungeon.
You visited 1 branch of the dungeon, and saw 3 of its levels.

You collected 116 gold pieces.

Inventory:

Hand Weapons
 a - a +0 long sword (weapon)
Missiles
 d - 3 throwing nets (quivered)
 e - 7 javelins
Armour
 b - a +0 leather armour (worn)
 c - a +0 helmet (worn)
Jewellery
 f - a ring of poison resistance (left hand)
Scrolls
 i - a scroll of noise {unknown}
 k - a scroll of torment {unknown}
 m - 5 scrolls of identify {unknown}
 n - a scroll of amnesia {unknown}
 o - a scroll of enchant armour {unknown}
 p - a scroll of fog {unknown}
Potions
 g - 2 potions of might {unknown}
 h - 3 potions of invisibility {unknown}
 j - 2 potions of resistance {unknown}
 l - a potion of lignification {unknown}


   Skills:
 - Level 1.7 Fighting
 + Level 4.5 Long Blades
 - Level 1.7 Throwing
 - Level 2.6 Dodging


You had 2 spell levels left.
You didn't know any spells.
Your spell library was empty.

Dungeon Overview and Level Annotations

Branches:
Dungeon (3/15)

Shops:
D:3 (


Innate Abilities, Weirdness & Mutations

You have an increased reservoir of magic. (+10% MP)
You shall have no god before yourself.
Your divine heritage dramatically boosts your attributes as you level up.


Message History

You kill the hobgoblin!
Found a dagger.
You see here an adder corpse.
The goblin closely misses you.
You hit the goblin.
You kill the goblin!
You hear the brisk rusting of a very distant drain.
Things that are here:
a +0 dagger; a goblin corpse You see here a +0 dagger.
You hear the brisk rusting of a very distant drain.
An endoplasm comes into view.
An endoplasm is nearby!
The endoplasm quivers.
You hit the endoplasm.
The endoplasm is heavily wounded.
The endoplasm freezes you.
You are frozen.
You slash the endoplasm!
You kill the endoplasm!
An ogre and a jackal come into view.
There are monsters nearby!
The ogre shouts!
You hear a bark!
A jackal comes into view. x2
The jackal barks!
You hear a shout!
You closely miss the jackal.
The jackal bites you but does no damage.
The jackal barely misses you.
You closely miss the jackal.
An orc comes into view. It is wielding a +0 falchion.
The jackal closely misses you.
You hit the jackal but do no damage. The ogre barely misses you.
The jackal barely misses you.
You closely miss the jackal. The ogre hits you with a +0 giant club!
Ouch! That really hurt!
The jackal barely misses you.
You slash the jackal!
You kill the jackal!
The jackal closely misses you. The ogre hits you with a +0 giant club!
You die...

###########
###..........
#......##)##.
###.##.###.#.##
#...##.#)..#..)
##########.####.###.#†##
#.....h@...# #...##.##.
#.....Oh...# #.........
~~..~......# ###.......
....~......# #.......
#.~o~.~....# #......#
...........# ####...#
#.#####'###. ##.## ..
..# .# #.# ####.#.##


You could see an ogre, an orc and 2 jackals.

Vanquished Creatures
  3 adders
  5 bats
  6 endoplasms
  3 giant cockroaches
  6 hobgoblins
  A jackal (D:3)
  3 quokkas
  3 ball pythons
  A frilled lizard (D:2)
  3 goblins
  4 kobolds
  4 rats
42 creatures vanquished.

Notes
Turn   | Place    | Note
-------+----------+-------------------------------------------
     0 | D:1      | Powertoast the Demigod Gladiator began the quest for the
                  | Orb.
     0 | D:1      | Reached XP level 1. HP: 17/17 MP: 3/3
     0 | D:1      | Noticed a dwarf
     1 | D:1      | Noticed a demonspawn zombie
     7 | D:1      | Noticed a minotaur skeleton
    13 | D:1      | Noticed a barachi
    17 | D:1      | Noticed a dwarf
    17 | D:1      | Noticed a minotaur zombie
    21 | D:1      | Noticed a vine stalker
   152 | D:1      | Reached skill level 3 in Long Blades
   441 | D:1      | Reached XP level 2. HP: 21/24 MP: 4/4
  1211 | D:2      | Reached skill level 4 in Long Blades
  1211 | D:2      | Reached XP level 3. HP: 17/29 MP: 5/5
  1797 | D:3      | Found Nitryix's Weapon Boutique.
  2135 | D:3      | Noticed an ogre
  2142 | D:3      | Slain by an ogre

Illustrated notes

Levels and vault maps discovered:
D:1:      shiori_arrival_whats_in_store_for_you, layout_basic, minivault_19,
          chequers_serial_rivers_micro_a, corexii_item_surrounded_by_moat,
          chequers_avenue, amcnicky_mini_rare_corridor_liquid
D:2:      layout_basic, serial_aquarium, aquarium_bridge_square
          [aquarium_subvault_bridge, aquarium_subvault_wall,
          aquarium_subvault_bridge, aquarium_subvault_wall], aquarium_window_1,
          aquarium_window_1, aquarium_view_2b, aquarium_view_2a,
          aquarium_balcony_5b, kennysheep_generic_room_11
D:3:      layout_basic, mainiacjoe_overflow_paths,
          nicolae_overflow_crystal_walls, serial_rivers,
          chequers_serial_rivers_small_3, chequers_serial_rivers_micro_b,
          chequers_serial_rivers_room_b, chequers_serial_rivers_micro_a,
          chequers_serial_rivers_micro_e, chequers_serial_rivers_micro_c,
          portal_sewer_entry_b, serial_shops, nicolae_diamond_shop, shop_statue,
          nicolae_shop_advertising_works [nicolae_subvault_shop_adworks],
          minivault_14, minmay_ruptured

Skill      XL: |  1  2 |
---------------+-------+-----
Long Blades    | 3 4 |  4.5
Fighting       | |  1.7
Throwing       | |  1.7
Dodging        | |  2.6

Action                   || total
-------------------------++-------
Melee: Long sword        ||   128
       Punch             ||     1
 Stab: Sleeping          ||     1
Armor: Leather armour    ||    52
Dodge: Dodged            ||    94
